Map: Dusk Towers

Players

LilDicky - Winner!

  • Race: Terran Terran
  • League: Diamond

ShankS

  • Race: Protoss Protoss
  • League: Diamond

VOD

http://www.twitch.tv/tumescentpie

Description

Time

  • Played on: Nov. 28, 2015, 9:44 p.m.
  • Length: 7:22
Show
View Real Time Build Order
Export as new Build Order

LilDicky Terran - Winner!

Build Orders: MMM Bio 

Get SALT Encoding   

  12  0:03  SCV  
  13  0:15  SCV  
  14  0:23  Supply Depot  
  14  0:27  SCV  
  15  0:30  Refinery  
  15  0:45  SCV  
  16  0:50  Barracks  
  16  0:58  SCV  
  17  1:10  SCV  
  18  1:22  SCV  
  19  1:34  SCV  
  19  1:38  Supply Depot  
  19  1:39  Factory, Marine  
  20  1:46  Orbital Command  
  21  1:58  Marine  
  22  2:09  Barracks x2  
  22  2:12  SCV  
  23  2:16  Refinery  
  23  2:30  SCV  
  24  2:39  Supply Depot, Barracks Reactor  
  24  2:40  Widow Mine  
  24  2:42  SCV  
  27  2:57  SCV  
  27  2:58  Barracks Tech Lab x2  
  28  3:01  Supply Depot  
  28  3:09  SCV, Widow Mine  
  29  3:20  Marine x2  
  29  3:21  Combat Shields, Stimpack  
  31  3:31  Marine x2  
  31  3:32  SCV  
  31  3:49  Marauder  
  31  3:51  Marine  
  31  3:52  Marine x2  
  36  4:01  SCV  
  37  4:05  Supply Depot  
  37  4:09  Marine x2  
  38  4:10  Marauder, Marine  
  42  4:27  Marine x2  
  42  4:28  Marauder  
  44  4:32  Marauder  
  44  4:36  Starport  
  44  4:45  Marine  
  45  4:47  SCV  
  45  4:50  Marine  
  45  4:51  Marine  
  48  4:52  Marine  
  48  4:56  Supply Depot  
  48  4:59  SCV  
  50  5:03  Marine  
  51  5:09  Marauder  
  51  5:12  SCV  
  54  5:17  Supply Depot  
  54  5:18  Medivac  
  56  5:24  Concussive Shells  
  56  5:31  Widow Mine  
  56  5:35  Marine  
  58  5:36  Marauder  
  58  5:38  Marine  
  62  5:48  Medivac  
  63  6:02  Marine  
  63  6:03  Marine  
Show
View Real Time Build Order
Export as new Build Order

ShankS Protoss 

Build Orders: 1 Gate Expand 

Get SALT Encoding   

  12  0:01  Probe (Chrono Boost)  
  13  0:13  Probe (Chrono Boost)  
  14  0:22  Pylon  
  14  0:24  Probe (Chrono Boost)  
  15  0:40  Probe (Chrono Boost)  
  15  0:42  Gateway  
  16  0:48  Assimilator  
  16  0:52  Probe (Chrono Boost)  
  17  1:02  Probe (Chrono Boost)  
  18  1:13  Probe (Chrono Boost)  
  19  1:25  Nexus  
  20  1:35  Cybernetics Core  
  20  1:38  Probe (Chrono Boost)  
  20  1:45  Assimilator  
  20  1:49  Probe (Chrono Boost)  
  21  1:55  Pylon  
  21  2:08  Probe (Chrono Boost)  
  21  2:12  Adept (Chrono Boost)  
  21  2:13  Warp Gate  
  23  2:20  Mothership Core (Chrono Boost)  
  25  2:36  Adept  
  27  2:40  Probe (Chrono Boost)  
  28  2:49  Probe (Chrono Boost)  
  28  2:51  Probe (Chrono Boost)  
  30  2:56  Robotics Facility  
  30  2:59  Probe (Chrono Boost)  
  30  3:02  Probe (Chrono Boost)  
  30  3:03  Adept  
  34  3:10  Probe (Chrono Boost)  
  35  3:14  Probe (Chrono Boost)  
  31  3:20  Probe (Chrono Boost)  
  31  3:25  Probe (Chrono Boost)  
  33  3:31  Probe (Chrono Boost)  
  33  3:33  Pylon  
  34  3:35  Probe (Chrono Boost)  
  36  3:48  Observer (Chrono Boost)  
  36  3:49  Probe (Chrono Boost)  
  36  3:50  Probe  
  34  3:58  Pylon  
  34  3:59  Probe  
  34  4:02  Probe  
  34  4:08  Observer (Chrono Boost)  
  35  4:11  Probe  
  35  4:14  Probe  
  30  4:28  Adept  
  32  4:32  Warp Prism (Chrono Boost)  
  34  4:41  Probe  
  34  4:43  Probe  
  36  4:53  Probe (Chrono Boost)  
  36  4:55  Probe (Chrono Boost)  
  38  5:04  Probe (Chrono Boost)  
  38  5:06  Probe (Chrono Boost)  
  40  5:12  Sentry  
  42  5:14  Probe (Chrono Boost)  
  42  5:16  Probe (Chrono Boost)  
  42  5:21  Immortal (Chrono Boost)  
  48  5:24  Pylon  
  48  5:34  Pylon  
  48  5:38  Stalker  
Tags
 
Add a new tag
Caveats
  • Supply blocks, unpowered buildings, or Contaminate may cause inaccurate times.
  • Supply counts are checked every 10 seconds.